 Dungeon Crawl Stone Soup version 0.29-a0-555-g3b24f45cc1 (console) character file.

Game seed: 17685570728940719360

90 om the Magician (level 4, -1/31 HPs)
             Began as a Djinni Hedge Wizard on June 7, 2022.
             Killed from afar by a white imp (10 damage)
             ... with a puff of frost
             ... summoned by Natasha
             ... on level 1 of the Dungeon.
             The game lasted 00:05:59 (3814 turns).

om the Magician (Djinni Hedge Wizard)               Turns: 3814, Time: 00:06:00

Health: -1/31      AC:  2    Str: 11    XL:     4   Next: 85%
Gold:   67         EV: 13    Int: 15    God:
                   SH:  0    Dex: 13

rFire   + + .      SeeInvis .   a - +0 dagger
rCold   x . .      Faith    .   (no shield)
rNeg    . . .      Spirit   .   b - +0 robe
rPois   ∞          Reflect  .   c - +0 hat
rElec   .          Harm     .   (no cloak)
rCorr   +          Rampage  .   (no gloves)
Will    .....                   (boots unavailable)
Stlth   ++........              (no amulet)
HPRegen 0.10/turn               j - ring of resist corrosion
MPRegen 0.00/turn               (no ring)

@: on blink cooldown, flying, very slightly contaminated
A: sickness immunity, fire resistance 2, cold vulnerability 1, float, innate
caster, HP casting, extra vitality 1
a: no special abilities


You were on level 1 of the Dungeon.
You visited 1 branch of the dungeon, and saw 2 of its levels.

You collected 67 gold pieces.

Inventory:

Hand Weapons
 a - a +0 dagger (weapon)
Missiles
 e - a throwing net
Armour
 b - a +0 robe (worn)
 c - a +0 hat (worn)
Jewellery
 j - a ring of resist corrosion (left hand)
Scrolls
 f - a scroll of teleportation {unknown}
 g - a scroll of identify {unknown}
 h - 3 scrolls of enchant armour {unknown}
 l - a scroll of poison {unknown}
Potions
 d - 2 potions of lignification {unknown}
 i - a potion of mutation {unknown}
 k - a potion of curing {unknown}


   Skills:
 + Level 3.1 Dodging
 + Level 2.4 Stealth
 * Level 3.3 Spellcasting


You couldn't memorise any spells.
You knew the following spells:

 Your Spells              Type           Power      Damage    Failure   Level
a - Magic Dart            Conj           48%        1d5       4%          1
b - Blink                 Tloc           24%        N/A       8%          2
c - Call Imp              Summ           12%        N/A       8%          2
d - Slow                  Hex            48%        N/A       4%          1
e - Conjure Flame         Conj/Fire      12%        6-21      14%         3
f - Mephitic Cloud        Conj/Pois/Air  12%        N/A       14%         3
g - Summon Small Mammal   Summ           48%        N/A       4%          1
Your spell library was empty.

Dungeon Overview and Level Annotations

Branches:
Dungeon (2/15)

Altars:

Annotations:
D:1 Natasha


Innate Abilities, Weirdness & Mutations

You are immune to sickness and miasma.
You are immune to poison.
Your flesh is very heat resistant. (rF++)
You are vulnerable to cold. (rC-)
You float through the air rather than walking.
You learn spells naturally, not from books.
Your magical power is your life essence.
You have superior vitality. (+4 MHP)


Message History

Natasha howls an incantation.
Natasha glows brightly for a moment.
The shadow imp gestures at you. Pain shoots through your body!
You feel stable enough to blink again.
The white imp shouts, "Bolt, thou horrid miscreant baggage!"
Natasha attacks as you move away! Natasha closely misses you.
Natasha attacks as you move away! Natasha completely misses you.
An orc wizard comes into view. It is wielding a +2 dagger of venom.
An orc wizard comes into view. It is wielding a +0 dagger.
The orc wizard shouts!
You hear a shout! x2
There is a stone staircase leading up here.
Natasha completely misses you.
You fly upwards.
The white imp disappears in a puff of smoke!
The shadow imp disappears in a puff of smoke! x2
There is a stone staircase leading down here.
Casting: Blink (safe; 8% risk of failure)
Confirm with . or Enter, or press ? or * to list all spells.
A beastly little devil appears in a puff of flame.
Natasha barely misses you.
Casting: Call Imp (safe; 8% risk of failure)
Confirm with . or Enter, or press ? or * to list all spells.
You blink.
Natasha claws you!
Your crimson imp barely misses Natasha.
Natasha casts a spell.
Your crimson imp barely misses Natasha.
You are too injured to fight recklessly!
Casting: Blink (safe; 8% risk of failure)
Confirm with . or Enter, or press ? or * to list all spells.
Natasha mumbles some strange words.
Your crimson imp hits Natasha.
Casting: Summon Small Mammal (safe; 4% risk of failure)
Confirm with . or Enter, or press ? or * to list all spells.
You miscast Summon Small Mammal.
You are very lightly contaminated with residual magic.
Nothing appears to happen.
* * * LOW HITPOINT WARNING * * *
The white imp gestures at you. The puff of frost hits you!
You feel a terrible chill!
You die...

..........###.##.......####### #
..........# #..#.......##....# #
..........# ##.#.......##....####
#####.##### #.#.................
#.########.#......###....####
#...............[.......[####
##############.#.......#.........
......# #.#.r.....#.........
#####.# #.#@###.###.........
....#.# #.5h# ♣.♣ #####.####
.##.#.# ##.5#♣♣.♣♣#####.# .##.#.#
#.>5...........# .##.#.#
####♣♣.♣♣####### .##.#.# ♣.♣
.##.#.# #.#### .##.#.# #....#
.##.#.# ##...#########


You could see Natasha (ally target), a white imp (summoned), a shadow imp
(summoned), a friendly crimson imp (summoned) and a friendly rat (summoned).

Vanquished Creatures
  An adder (D:2)
  A worm (D:2)
  2 dart slugs
  2 endoplasms (D:1)
  A giant cockroach (D:2)
  4 goblins
  6 hobgoblins
  3 kobolds (D:1)
  3 ball pythons
  2 bats (D:2)
  2 frilled lizards
  3 rats
30 creatures vanquished.

Vanquished Creatures (collateral kills)
  Natasha (D:2)
  An adder (D:2)
  A worm (D:2)
  2 endoplasms
  A goblin (D:2)
6 creatures vanquished.

Grand Total: 36 creatures vanquished

Notes
Turn   | Place    | Note
-------+----------+-------------------------------------------
     0 | D:1      | om the Djinni Hedge Wizard began the quest for the Orb.
     0 | D:1      | Reached XP level 1. HP: 15/15 MP: 0/0
   423 | D:1      | Reached XP level 2. HP: 1/21 MP: 0/0
  1595 | D:1      | Reached XP level 3. HP: 12/25 MP: 0/0
  1595 | D:1      | Learned a level 1 spell: Summon Small Mammal
  2866 | D:2      | Reached XP level 4. HP: 18/31 MP: 0/0
  3124 | D:2      | Noticed Natasha
  3140 | D:2      | Killed Natasha
  3538 | D:2      | Noticed Natasha
  3814 | D:1      | Killed from afar by a white imp

Illustrated notes

Levels and vault maps discovered:
D:1:      sevenhm_arrival_forest_fort_large_2, layout_basic,
          minmay_misc_feat_nine_boxes, minmay_tree_intersection
D:2:      minmay_alternating_diamond, layout_rooms,
          dreamdust_ecumenical_altar_sealed_demon, basic_altar, uniq_natasha

Skill      XL: |  1  2  3  4 |
---------------+-------------+-----
Stealth        | 2 |  2.4
Spellcasting   | 3 |  3.3
Dodging        | 3 |  3.1

Action                   |  1- 3 |  4- 6 || total
-------------------------+-------+-------++-------
Melee: Dagger            |    19 |     5 ||    24
 Cast: Magic Dart        |    78 |    25 ||   103
       Call Imp          |     6 |     2 ||     8
       Summon Small Mamm |     2 |     5 ||     7
       Conjure Flame     |     1 |       ||     1
       Blink             |       |     3 ||     3
Armor: Robe              |     1 |     1 ||     2
Dodge: Dodged            |    27 |    13 ||    40

Table legend: (Time is in decaauts)
 A = Elapsed time spent in this place.
 B = Non-inter-level travel time spent in this place.
 C = Inter-level travel time spent in this place.
 D = Time resting spent in this place.
 E = Time spent auto-exploring this place.
 F = Levels seen in this place.
 G = Mean time per level.
                   A        B        C        D        E       F      G
               +--------+--------+--------+--------+--------+-----+--------+
         Total |   3823 |   3767 |     56 |   2051 |   1349 |   2 | 1911.5 |
       Dungeon |   3823 |   3767 |     56 |   2051 |   1349 |   2 | 1911.5 |
               +--------+--------+--------+--------+--------+-----+--------+

Top non-repeatable levels by time:
     D:1: 2429 daAuts
     D:2: 1394 daAuts
